 Dungeon Crawl Stone Soup version 0.30.0-5-g1a98f26d00 (webtiles) character file.

Game seed: 5679950216901555854

61 Darkkill the Shooter (level 3, 0/31 HPs)
             Began as a Minotaur Hunter on May 12, 2023.
             Slain by a worm (7 damage)
             ... on level 2 of the Dungeon.
             The game lasted 00:02:02 (1004 turns).

Darkkill the Shooter (Minotaur Hunter)              Turns: 1004, Time: 00:02:03

Health: 0/31       AC:  3    Str: 15    XL:     3   Next: 83%
Magic:  2/2        EV: 12    Int:  6    God:
Gold:   1388       SH:  0    Dex: 15    Spells: 2/2 levels left

rFire   . . .        a - +0 shortbow
rCold   . . .        (shield currently unavailable)
rNeg    . . .        c - +0 leather armour
rPois   .            (helmet restricted)
rElec   .            (no cloak)
rCorr   .            (no gloves)
SInv    .            (no boots)
Will    .....        (no amulet)
Stlth   ++           (no ring)
HPRegen 0.25/turn    (no ring)
MPRegen 0.08/turn

%: no passive effects
@: no status effects
A: horns 2, retaliatory headbutt
a: no special abilities


You were on level 2 of the Dungeon.
You visited 1 branch of the dungeon, and saw 2 of its levels.

You collected 1388 gold pieces.

Inventory:

Hand Weapons
 a - a +0 shortbow (weapon)
Missiles
 e - 12 stones
 f - 12 poisoned darts
Armour
 c - a +0 leather armour (worn)
Jewellery
 g - a +6 ring of intelligence
Scrolls
 b - a scroll of immolation
 d - 2 scrolls of identify {@r1}
Potions
 j - a potion of heal wounds
 k - a potion of curing {unknown}


   Skills:
 + Level 3.3 Fighting
 + Level 4.8 Ranged Weapons
 + Level 2.9 Dodging
 + Level 1.7 Stealth


You had 2 spell levels left.
You didn't know any spells.
Your spell library was empty.

Dungeon Overview and Level Annotations

Branches:
Dungeon (2/15)

Altars:

Shops:
D:2 =


Innate Abilities, Weirdness & Mutations

You have a pair of horns on your head.
You reflexively headbutt those who attack you in melee.


Message History

You shoot an arrow. The arrow hits the adder!
You kill the adder!
HP restored.
You see here an adder corpse.
You open the door.
Found a sling.
No target in view!
No target in view!
There is an open door here.
You see here a +0 sling.
g - a +6 ring of intelligence No target in view!
A rat comes into view.
You shoot an arrow. The arrow hits the rat!
You kill the rat!
d - 2 scrolls of identify {@r1} (gained 1)
You now have 1378 gold pieces (gained 8).
Found a stone staircase leading down.
You see here a rat corpse.
A ball python comes into view.
You shoot an arrow. The arrow hits the ball python.
The ball python hisses angrily.
The ball python is moderately wounded.
You shoot an arrow. The arrow hits the ball python!
You kill the ball python!
You open the door.
There is an open door here.
You open the door.
There is an open door here.
A quokka comes into view.
You shoot an arrow. The arrow hits the quokka!
You kill the quokka!
Found a short sword.
No target in view!
You see here a +0 short sword.
You see here a quokka corpse.
Found a robe.
No target in view!
You see here a +0 robe.
You now have 1388 gold pieces (gained 10).
You open the door. You open the door.
A giant cockroach and a hobgoblin come into view.
Found a stone staircase leading down.
You shoot an arrow. The arrow hits the hobgoblin!
You kill the hobgoblin!
A giant cockroach is nearby!
A giant cockroach is nearby!
You shoot an arrow. The arrow hits the giant cockroach.
The giant cockroach is almost dead.
You shoot an arrow.
The arrow closely misses the giant cockroach.
A giant cockroach is nearby!
A giant cockroach is nearby!
You shoot an arrow.
The arrow hits the giant cockroach but does no damage.
The giant cockroach is almost dead.
A giant cockroach is nearby!
You shoot an arrow.
The arrow hits the giant cockroach but does no damage.
The giant cockroach is almost dead.
A giant cockroach is nearby!
You shoot an arrow.
The arrow barely misses the giant cockroach.
The giant cockroach bites you.
The giant cockroach bites you but does no damage.
A giant cockroach is nearby!
You shoot an arrow. The arrow hits the giant cockroach.
You kill the giant cockroach!
There is an open door here.
There is a stone staircase leading down here.
A worm comes into view.
Found Ziucw's Jewellery Emporium.
You shoot an arrow. The arrow hits the worm.
The worm is lightly wounded.
A worm is nearby!
You shoot an arrow. The arrow barely misses the worm.
A worm is nearby!
You shoot an arrow. The arrow hits the worm.
The worm is moderately wounded.
The worm bites you!
A worm is nearby!
You shoot an arrow. The arrow hits the worm.
The worm is moderately wounded.
The worm bites you!
You are too injured to fight recklessly!
You are too injured to fight recklessly!
You are too injured to fight recklessly!
A worm is nearby!
You shoot an arrow.
The arrow hits the worm but does no damage.
The worm is moderately wounded.
The worm bites you.
You shoot an arrow. The arrow hits the worm.
The worm is heavily wounded.
The worm barely misses you. You furiously retaliate!
You headbutt the worm. You shoot an arrow. The arrow barely misses the worm.
The worm bites you!
* * * LOW HITPOINT WARNING * * *
You shoot an arrow. The arrow completely misses the worm.
The worm bites you!
You die...

### ..# #∩# #.# ######
#.# #.....
#####.###########.....
#....@.....>....'.....
#.###w#####.#####.....
#.# #.....'..... #.#
#######..... #.#
#..[.. ... #..... ..#
#..... #.# #.#### ##
#.#


You could see a worm.

Vanquished Creatures
  An adder (D:2)
  A gnoll (D:1)
  A dart slug (D:1)
  3 bats
  4 endoplasms
  4 giant cockroaches
  4 goblins (D:1)
  4 hobgoblins
  A quokka (D:2)
  4 ball pythons
  3 frilled lizards
  4 kobolds
  3 rats
37 creatures vanquished.

Notes
Turn   | Place    | Note
-------+----------+-------------------------------------------
     0 | D:1      | Darkkill the Minotaur Hunter began the quest for the Orb.
     0 | D:1      | Reached XP level 1. HP: 18/18 MP: 0/0
    94 | D:1      | Reached skill level 1 in Stealth
   128 | D:1      | Reached XP level 2. HP: 24/25 MP: 1/1
   248 | D:1      | Reached XP level 3. HP: 31/31 MP: 2/2
   636 | D:1      | Identified a scroll of acquirement
   636 | D:1      | Acquired 1302 gold pieces
   995 | D:2      | Found Ziucw's Jewellery Emporium.
  1004 | D:2      | Slain by a worm

Illustrated notes

Levels and vault maps discovered:
D:1:      kennysheep_arrival_seaside, layout_rooms
D:2:      layout_basic, serial_shops, shop, nrook_loot_triangle, uniq_natasha

Skill      XL: |  1  2 |
---------------+-------+-----
Stealth        | 1 |  1.7
Fighting       | 3 |  3.3
Ranged Weapons | |  4.8
Dodging        | |  2.9

Action                     || total
---------------------------++-------
   Fire: Shortbow          ||   107
    Use: Scroll            ||     5
 Armour: Leather armour    ||    18
  Dodge: Dodged            ||    33

Levels and vault maps discovered:
D:1:      kennysheep_arrival_seaside, layout_rooms
D:2:      layout_basic, serial_shops, shop, nrook_loot_triangle, uniq_natasha

Table legend: (Time is in decaauts)
 A = Elapsed time spent in this place.
 B = Non-inter-level travel time spent in this place.
 C = Inter-level travel time spent in this place.
 D = Time resting spent in this place.
 E = Time spent auto-exploring this place.
 F = Levels seen in this place.
 G = Mean time per level.
                   A        B        C        D        E       F      G
               +--------+--------+--------+--------+--------+-----+--------+
         Total |   1037 |    993 |     44 |      0 |    787 |   2 |  518.5 |
       Dungeon |   1037 |    993 |     44 |      0 |    787 |   2 |  518.5 |
               +--------+--------+--------+--------+--------+-----+--------+

Top non-repeatable levels by time:
     D:1: 716 daAuts
     D:2: 320 daAuts

Table legend:
 A = Kills in this place as a percentage of kills in the entire game.
 B = Kills by you in this place as a percentage of kills by you in the entire game.
 C = Kills by friends in this place as a percentage of kills by friends in the entire game.
 D = Other kills in this place as a percentage of other kills in the entire game.
 E = Experience gained in this place as a percentage of experience gained in the entire game.
 F = Experience gained in this place divided by the number of levels of this place that you have seen.
                   A       B       C       D       E      F
               +-------+-------+-------+-------+-------+----------------------
         Total | 100.0 | 100.0 |   N/A |   N/A | 100.0 |  44.0
       Dungeon | 100.0 | 100.0 |   N/A |   N/A | 100.0 |  44.0
               +-------+-------+-------+-------+-------+----------------------
